[Event "Titled Tuesday Blitz July 26 Late 2022"]
[White "Rosen, Eric"]
[Black "Ozates, Tuna"]
[WhiteFideId "2032562"]
[BlackFideId "6354521"]
[WhiteElo "2362"]
[BlackElo "1887"]
[Result "1-0"]
[Round "07"]
[TimeControl "180+1"]
[Date "2022.07.27"]
[WhiteClock "0:00:07"]
[BlackClock "0:00:04"]

1. d4 Nf6 2. Bf4 Nh5 3. Bg5 h6 4. Bh4 g5 5. e4 Nf6 6. e5 gxh4 7. exf6 exf6 8. Qh5 d5 9. Nc3 c6 10. Qxh4 Bf5 11. O-O-O Be7 12. Bd3 Be6 13. Nge2 Qa5 14. Rhe1 Nd7 15. Nf4 Nf8 16. Qh5 O-O-O 17. Nxe6 fxe6 18. Qf7 Qc7 19. Re3 f5 20. g3 Bg5 21. Qxc7+ Kxc7 22. f4 Bf6 23. Ne2 h5 24. h4 Kd6 25. c3 Nd7 26. Ng1 c5 27. Rde1 Rde8 28. dxc5+ Nxc5 29. Bxf5 e5 30. fxe5+ Rxe5 31. Bc2 Rhe8 32. Rxe5 Bxe5 33. Kd1 Rg8 34. Ne2 Rg4 35. Bf5 Ra4 36. a3 b5 37. Kc2 a5 38. Rf1 b4 39. cxb4 axb4 40. axb4 Rxb4 41. Nc3 d4 42. Ne4+ Nxe4 43. Bxe4 Bxg3 44. Bg6 Rb5 45. Rh1 Ke6 46. Rh3 Be5 47. Bd3 Rc5+ 48. Kd1 Bf4 49. Rf3 Rc1+ 50. Ke2 Be3 51. Rf8 Rh1 52. Kf3 Rxh4 53. Rh8 Rh2 54. Re8+ Kd5 55. b4 h4 56. Rd8+ Ke5 57. Re8+ Kf6 58. Ke4 Rg2 59. Rh8 Rg4+ 60. Kd5 Kg7 61. Rh7+ Kg8 62. b5 Rg5+ 63. Kc6 Rg2 64. b6 Rb2 65. b7 Bf4 66. Rxh4 Be5 67. Re4 Bf6 68. Re8+ Kf7 69. b8=Q Rxb8 70. Rxb8 Ke6 71. Kb5 Kd5 72. Rf8 Be7 73. Rf5+ Ke6 74. Rh5 Bd6 75. Kc4 Be5 76. Be4 Kf6 77. Kd3 Ke6 78. Rf5 Kd6 79. Rf1 Ke6 80. Rb1 Kd6 81. Rb6+ Kc7 82. Rc6+ Kd7 83. Kc4 Ke7 84. Kd5 Bf6 85. Bg6 Bg7 86. Ke4 Bf6 87. Ra6 Kd7 88. Rxf6 1-0


[Site "https://www.chess.com"]

[Event "Titled Tuesday Blitz July 26 Late 2022"]
[White "Rustemov, Alexander"]
[Black "Martinez Alcantara, Jose Eduardo"]
[WhiteFideId "4119002"]
[BlackFideId "3805662"]
[WhiteElo "2811"]
[BlackElo "2703"]
[Result "0-1"]
[Round "07"]
[TimeControl "180+1"]
[Date "2022.07.26"]
[WhiteClock "0:00:02"]
[BlackClock "0:00:09"]

1. d4 Nf6 2. c4 e6 3. Nf3 d5 4. Nc3 a6 5. cxd5 exd5 6. Bg5 Be6 7. e3 Nbd7 8. Bd3 c6 9. Qc2 Bd6 10. Bf4 Qb8 11. Bxd6 Qxd6 12. h3 h6 13. b4 O-O 14. O-O b5 15. a3 a5 16. Qb3 Nb6 17. Ra2 axb4 18. axb4 Rxa2 19. Nxa2 Ra8 20. Rb1 Nc4 21. Nc1 Ne4 22. Bxe4 dxe4 23. Ne5 Nd2 24. Qc2 Nxb1 25. Qxb1 Bd5 26. Ne2 Ra4 27. Nf4 Qxb4 28. Qd1 Qd6 29. Qg4 f6 30. Qc8+ Qf8 31. Qd7 fxe5 32. dxe5 Ra1+ 33. Kh2 Ra8 34. e6 Re8 35. h4 Qe7 0-1


[Site "https://www.chess.com"]

[Event "Titled Tuesday Blitz July 26 Late 2022"]
[White "Salem, A.R. Saleh"]
[Black "Vlassov, Nikolai"]
[WhiteFideId "9301348"]
[BlackFideId "4103360"]
[WhiteElo "2679"]
[BlackElo "2324"]
[Result "1-0"]
[Round "07"]
[TimeControl "180+1"]
[Date "2022.07.26"]
[WhiteClock "0:01:45"]
[BlackClock "0:00:01"]

1. d4 Nf6 2. c4 Nc6 3. Nf3 e6 4. a3 d5 5. Nc3 dxc4 6. e4 Na5 7. Bxc4 Nxc4 8. Qa4+ Bd7 9. Qxc4 Be7 10. O-O O-O 11. Re1 a5 12. Bf4 Rc8 13. Rad1 Qe8 14. Ne5 b5 15. Qd3 b4 16. axb4 axb4 17. Nxd7 Qxd7 18. Ne2 c5 19. dxc5 Qxd3 20. Rxd3 Nxe4 21. c6 Bf6 22. Nd4 Nc5 23. Rdd1 Rfe8 24. Bd6 Bxd4 25. Rxd4 Rxc6 26. Rc1 Nb3 27. Rxc6 Nxd4 28. Rc4 Nf5 29. Bxb4 Rd8 30. g3 h5 31. Kf1 Rd1+ 32. Ke2 Rb1 33. Bc3 Kh7 34. h4 Kg6 35. Rc5 f6 36. b4 e5 37. Kd3 Kf7 38. Rc6 Ne7 39. Rd6 g5 40. hxg5 fxg5 41. Kc2 Rf1 42. Rd2 h4 43. gxh4 gxh4 44. Bxe5 h3 45. b5 Ke6 46. Bg3 Nd5 47. b6 Nxb6 48. Rd6+ Kf5 49. Rh6 Nd5 50. Rxh3 Kg4 51. Rh8 Nf6 52. Rf8 Ne4 53. Rf4+ Kh3 54. Rxe4 Kg2 55. Kd2 Ra1 56. Re5 Kf3 57. Re3+ Kg2 58. Rd3 1-0


[Site "https://www.chess.com"]

[Event "Titled Tuesday Blitz July 26 Late 2022"]
[White "Sarana, Alexey"]
[Black "Hafiz, Arif Abdul"]
[WhiteFideId "24133795"]
[BlackFideId "7104227"]
[WhiteElo "2666"]
[BlackElo "2198"]
[Result "1-0"]
[Round "07"]
[TimeControl "180+1"]
[Date "2022.07.26"]
[WhiteClock "0:00:03"]
[BlackClock "0:00:12"]

1. c4 Nc6 2. Nc3 e5 3. g3 Nf6 4. Bg2 Bb4 5. Nd5 O-O 6. e3 d6 7. Ne2 Nxd5 8. cxd5 Ne7 9. O-O Ba5 10. d4 f6 11. Bd2 Bb6 12. Bc3 Qe8 13. b4 Bd7 14. a4 a5 15. bxa5 Bxa5 16. Bxa5 Rxa5 17. Nc3 Qa8 18. Qb1 exd4 19. exd4 Nf5 20. Bh3 g6 21. Re1 Qa7 22. Qb4 Rf7 23. Bxf5 Bxf5 24. Nb5 Qb6 25. Rac1 Ra8 26. Qc3 Rxa4 27. Nxc7 Qxd4 28. Re8+ Rf8 29. Qe1 Ra2 30. Rxf8+ Kxf8 31. Ne6+ Bxe6 32. dxe6 Qe5 33. Qb4 Ra1 34. Rxa1 Qxa1+ 35. Kg2 Qa6 36. Qh4 Qc6+ 37. Kg1 Qc1+ 38. Kg2 Qc6+ 39. Kg1 Kg7 40. Qd4 Qc5 41. Qa1 Qe5 42. Qa8 Qe1+ 43. Kg2 Qe4+ 44. Kg1 Qb1+ 45. Kg2 Qe4+ 46. Kg1 Qxe6 47. Qxb7+ Qf7 48. Qc6 d5 49. Qd6 Qb7 50. h4 Qb1+ 51. Kh2 Qe4 52. Qd7+ Kh6 53. Qd8 d4 54. Qf8+ Kh5 55. Qxf6 Kg4 56. f3+ 1-0


[Site "https://www.chess.com"]

[Event "Titled Tuesday Blitz July 26 Late 2022"]
[White "Schekachikhin, Maksim"]
[Black "Zong, Davis"]
[WhiteFideId "24177830"]
[BlackFideId "30903955"]
[WhiteElo "2239"]
[BlackElo "2061"]
[Result "1-0"]
[Round "07"]
[TimeControl "180+1"]
[Date "2022.07.27"]
[WhiteClock "0:01:12"]
[BlackClock "0:00:03"]

1. d4 d5 2. Nf3 Nf6 3. c4 c6 4. Nc3 e6 5. Bg5 Nbd7 6. e3 Qa5 7. Nd2 dxc4 8. Bxf6 Nxf6 9. Nxc4 Qc7 10. Be2 Bd7 11. O-O c5 12. d5 b5 13. dxe6 fxe6 14. Nd2 Bd6 15. h3 a6 16. Nce4 Be5 17. Nxf6+ Bxf6 18. Qc2 O-O 19. Bd3 g6 20. Rac1 c4 21. Be4 Rad8 22. Rfd1 Bg7 23. Nf3 Bc6 24. a4 Qb7 25. Bxc6 Qxc6 26. axb5 axb5 27. b3 c3 28. b4 Qc4 29. Nd4 Bxd4 30. exd4 Rxd4 31. Re1 Rd2 32. Qxc3 Qxc3 33. Rxc3 Rfxf2 34. Rg3 Kf7 35. Re5 Rf5 36. Rge3 Rb2 37. Rxe6 Rxb4 38. Re7+ Kg8 39. Rb7 Rf7 40. Rb8+ Kg7 41. Re5 Rb1+ 42. Kh2 b4 43. Reb5 Rf4 44. R5b7+ Kh6 45. Rh8 Rb2 46. Rhxh7+ Kg5 47. Rb5+ Kf6 48. Rc7 Rff2 49. Rc6+ Kg7 50. Rg5 Rf6 51. Rc7+ Kh6 52. Rg4 b3 53. Rb7 Rc6 54. Rg3 Rcc2 55. h4 Ra2 56. Rbxb3 Rf2 57. Rb6 Kh5 58. Rbxg6 Rf4 59. R6g5+ Kxh4 60. Rg8 1-0


[Site "https://www.chess.com"]

[Event "Titled Tuesday Blitz July 26 Late 2022"]
[White "Sibilio, Mario"]
[Black "Silva, Miguel Antonio Neto"]
[WhiteFideId "800422"]
[BlackFideId "1911929"]
[WhiteElo "2296"]
[BlackElo "2223"]
[Result "0-1"]
[Round "07"]
[TimeControl "180+1"]
[Date "2022.07.27"]
[WhiteClock "0:00:01"]
[BlackClock "0:00:15"]

1. e4 c5 2. Nf3 d6 3. b3 Nc6 4. d4 cxd4 5. Nxd4 Nf6 6. Bb5 Bd7 7. Nc3 g6 8. Bb2 Bg7 9. O-O O-O 10. Nxc6 bxc6 11. Bd3 d5 12. Qe1 d4 13. Na4 e5 14. c3 Nh5 15. cxd4 exd4 16. f4 Qe7 17. Rc1 Rfe8 18. Nc5 Rad8 19. Qf2 Bc8 20. h3 Bh6 21. g3 Bxh3 22. Rfe1 Bg7 23. e5 Bh6 24. Bxd4 Ng7 25. Be3 Bf5 26. Bf1 Bg4 27. Ne4 Nh5 28. Rxc6 Bf5 29. Nf6+ Nxf6 30. Rxf6 Bg7 31. Ra6 h5 32. Rxa7 Qb4 33. Bc4 Rf8 34. a3 Qc3 35. Rc7 Rc8 36. Bxf7+ Rxf7 37. Rxc3 Rxc3 38. Bd4 Rxb3 39. e6 Rxg3+ 40. Qxg3 Bxd4+ 41. Kh2 Rb7 42. e7 Rb2+ 43. Kh1 Bd7 0-1


[Site "https://www.chess.com"]

[Event "Titled Tuesday Blitz July 26 Late 2022"]
[White "Souleidis, Georgios"]
[Black "Lashkin, Jegor"]
[WhiteFideId "4206827"]
[BlackFideId "13907808"]
[WhiteElo "2401"]
[BlackElo "2368"]
[Result "0-1"]
[Round "07"]
[TimeControl "180+1"]
[Date "2022.07.26"]
[WhiteClock "0:00:01"]
[BlackClock "0:00:08"]

1. e4 c5 2. Be2 Nc6 3. d3 d5 4. f4 e6 5. Nf3 Bd6 6. O-O Nge7 7. c3 O-O 8. a3 f6 9. g3 b6 10. b4 Bb7 11. Be3 Qd7 12. Nbd2 Rac8 13. Rb1 d4 14. cxd4 Nxd4 15. Nxd4 cxd4 16. Bf2 e5 17. fxe5 Bxe5 18. Nc4 Bb8 19. Bg4 f5 20. Bh3 Qc6 21. b5 Qh6 22. Bg2 fxe4 23. Bxd4 Rfd8 24. Be3 Qe6 25. Nb2 Nd5 26. Bd4 e3 27. Qf3 e2 28. Rfe1 Re8 29. Nc4 Re7 30. Qe4 Qd7 31. Qh4 Rce8 32. Be4 Rxe4 33. dxe4 Nf4 34. Be3 Nd3 35. Rxe2 Rxe4 36. Qg5 Rxc4 37. Rd1 h6 38. Qg6 Be4 0-1


[Site "https://www.chess.com"]

[Event "Titled Tuesday Blitz July 26 Late 2022"]
[White "Stalri"]
[Black "Pesotskiy, Mikhail"]
[BlackFideId "34164453"]
[WhiteElo "2367"]
[BlackElo "2010"]
[Result "0-1"]
[Round "07"]
[TimeControl "180+1"]
[Date "2022.07.27"]
[WhiteClock "0:00:01"]
[BlackClock "0:00:21"]

1. d4 Nf6 2. c4 e6 3. Nf3 Bb4+ 4. Nbd2 b6 5. a3 Bxd2+ 6. Qxd2 Bb7 7. e3 a5 8. Bd3 O-O 9. O-O d6 10. b3 Nbd7 11. Bb2 Ne4 12. Qc2 f5 13. d5 exd5 14. Nd4 Ndc5 15. cxd5 Bxd5 16. Bc4 Bxc4 17. Qxc4+ Kh8 18. b4 Nd2 19. Qc2 Nxf1 20. bxc5 Nxh2 21. Kxh2 dxc5 22. Nf3 Qe7 23. Qc4 Rad8 24. Ne5 f4 25. exf4 Rd2 26. Kg3 Qf6 27. Bc3 Rc2 28. Rh1 Rxc3+ 29. Qxc3 Qxf4+ 30. Kh3 Qh6+ 31. Kg3 Qxh1 32. Qd3 Qh5 33. Qd5 Qf5 34. f4 Qxf4+ 35. Kh3 Qh6+ 36. Kg3 Qd6 37. Qe4 Re8 38. Kh3 Qxe5 39. Qc6 Qe3+ 40. Kh2 Qe4 41. Qd7 Qe5+ 42. Kg1 Qe6 0-1


[Site "https://www.chess.com"]

[Event "Titled Tuesday Blitz July 26 Late 2022"]
[White "Suder, Jakub"]
[Black "Averjanov, Alexey"]
[WhiteFideId "1195310"]
[BlackFideId "14109867"]
[WhiteElo "2071"]
[BlackElo "2621"]
[Result "1-0"]
[Round "07"]
[TimeControl "180+1"]
[Date "2022.07.26"]
[WhiteClock "0:01:40"]
[BlackClock "0:00:31"]

1. d4 d5 2. c4 dxc4 3. e4 Nf6 4. e5 Nd5 5. Bxc4 Nb6 6. Bd3 Nc6 7. Ne2 Bg4 8. f3 Bh5 9. Be3 Nd5 10. Bf2 e6 11. Nbc3 Ncb4 12. Be4 Be7 13. O-O c6 14. a3 Nxc3 15. bxc3 Nd5 16. c4 Nb6 17. Qb3 Qc7 18. Nf4 Bg6 19. Nxg6 hxg6 20. f4 O-O 21. Rfd1 Rfd8 22. a4 a5 23. Rab1 Bb4 24. h4 Rd7 25. h5 gxh5 26. Qh3 g6 27. g4 hxg4 28. Qxg4 Kg7 29. Bh4 Be7 30. Kg2 Rh8 31. Rh1 Bxh4 32. Rxh4 Nxc4 33. Rxh8 Kxh8 34. Qh4+ Kg8 35. Rh1 Ne3+ 36. Kf3 Kf8 37. Qh8+ Ke7 38. Qf6+ Ke8 39. Rh8# 1-0


[Site "https://www.chess.com"]

[Event "Titled Tuesday Blitz July 26 Late 2022"]
[White "Tanenbaum, Zachary"]
[Black "Musovic, Armin"]
[WhiteFideId "2060850"]
[BlackFideId "939935"]
[WhiteElo "2175"]
[BlackElo "2255"]
[Result "1/2-1/2"]
[Round "07"]
[TimeControl "180+1"]
[Date "2022.07.26"]
[WhiteClock "0:00:21"]
[BlackClock "0:00:18"]

1. e4 c6 2. d4 d5 3. exd5 cxd5 4. Bd3 Nf6 5. c3 g6 6. Bf4 Bg7 7. Nd2 Nc6 8. Ngf3 O-O 9. O-O Re8 10. Ne5 Nd7 11. Nxc6 bxc6 12. Nb3 f6 13. c4 Nb6 14. Na5 e5 15. dxe5 fxe5 16. Bg3 Qf6 17. cxd5 cxd5 18. Bb5 Re6 19. Rc1 h5 20. h3 h4 21. Bh2 d4 22. Nc4 Kh7 23. Nxb6 Rxb6 24. Bd3 Bf5 25. Qf3 Rf8 26. Rce1 Re6 27. Be4 Ree8 28. Re2 Qg5 29. Qd3 Rf7 30. Rfe1 Rfe7 31. Kh1 Bc8 32. f4 Qh5 33. fxe5 Re6 34. Bd5 Ba6 35. Qd2 Bh6 36. Qc2 d3 37. Qa4 dxe2 38. Bxe6 Rxe6 39. Qd7+ Bg7 40. Qxe6 Qf5 41. Qxf5 gxf5 42. e6 Kg8 43. Bg1 Bxb2 44. Bxa7 Bc3 45. Bf2 f4 46. Bxh4 Bd4 47. e7 Kf7 48. Kh2 Be5 49. Kg1 Bd4+ 50. Bf2 Bc3 51. Bc5 Bb7 52. Kf2 Bxe1+ 53. Kxe1 Bxg2 54. Kxe2 Bxh3 55. Kf3 Bd7 56. Kxf4 Ba4 57. a3 Ke8 58. Ke5 Kd7 59. Kd5 Kc8 60. Bd6 Kb7 61. Kc5 Be8 62. Be5 Ka8 63. Kd6 Kb7 64. Bd4 Kc8 65. Bc5 Kb7 66. Bb4 Ka8 67. Kc5 Kb7 68. Kd5 Ka8 69. Ke5 Kb7 70. Kf6 Ka8 71. Kg7 Bc6 72. Kf8 Kb7 73. Kf7 Ka6 74. Ke6 Kb7 75. Kd6 Be8 76. Bc3 Ka8 77. Bb2 Kb7 78. Bc1 Kb6 79. Kd5 Kb7 80. Kc5 Ka7 81. Kd6 Kb7 82. Bb2 Kb8 83. Be5 Kb7 84. Bf4 Ba4 85. Ke6 Be8 86. Kf6 Kc6 87. Kg7 Kb7 88. Kf8 Bd7 89. e8=Q Bxe8 90. Kxe8 Ka6 91. Be5 Ka7 92. Bd4+ 1/2-1/2


[Site "https://www.chess.com"]

[Event "Titled Tuesday Blitz July 26 Late 2022"]
[White "Thiel, Thomas"]
[Black "Winkels, Marcel"]
[WhiteFideId "4615964"]
[BlackFideId "1003887"]
[WhiteElo "2288"]
[BlackElo "1900"]
[Result "0-1"]
[Round "07"]
[TimeControl "180+1"]
[Date "2022.07.27"]
[WhiteClock "0:00:07"]
[BlackClock "0:00:02"]

1. e4 c5 2. Nc3 d6 3. f4 Nc6 4. Nf3 g6 5. Bc4 Bg7 6. O-O e6 7. f5 Nge7 8. Qe1 d5 9. exd5 exd5 10. Nxd5 Bxf5 11. d3 O-O 12. Nxe7+ Qxe7 13. Qg3 Rad8 14. Bg5 Bf6 15. Bxf6 Qxf6 16. Nh4 Qd4+ 17. Kh1 Be6 18. c3 Qd6 19. Qg5 Bxc4 20. dxc4 Qe5 21. Qh6 Qg7 22. Qe3 b6 23. Qe4 Ne5 24. Rae1 Rfe8 25. Qb7 Nd3 26. Rxe8+ Rxe8 27. Qd7 Re3 28. Nf5 gxf5 29. Qd8+ Qf8 30. Qg5+ Qg7 31. Qxe3 Nxb2 32. Qe8+ Qf8 33. Qb5 Nd3 34. Rf3 Qe7 35. Rg3+ Kf8 36. h3 Qe1+ 37. Kh2 Nf2 38. Rf3 Qe5+ 39. g3 Qe2 40. Rxf2 Qxf2+ 41. Kh1 Qxg3 0-1


[Site "https://www.chess.com"]

[Event "Titled Tuesday Blitz July 26 Late 2022"]
[White "Urbina Perez, Juan Antonio"]
[Black "Melaugh, Shane"]
[WhiteFideId "2217368"]
[BlackFideId "2509580"]
[WhiteElo "2192"]
[BlackElo "1938"]
[Result "0-1"]
[Round "07"]
[TimeControl "180+1"]
[Date "2022.07.27"]
[WhiteClock "0:00:16"]
[BlackClock "0:00:09"]

1. d4 e6 2. Nf3 f5 3. Nc3 Nf6 4. Bg5 d5 5. Qd2 c6 6. Bxf6 Qxf6 7. O-O-O Bb4 8. g4 O-O 9. g5 Qe7 10. Ne5 Nd7 11. Nxd7 Bxd7 12. f4 a5 13. Qd3 Be8 14. e3 Bh5 15. Be2 Bxe2 16. Nxe2 a4 17. Ng1 Ra6 18. Nf3 Bd6 19. Ne5 Bxe5 20. dxe5 b5 21. h4 a3 22. b3 Rb6 23. h5 c5 24. h6 g6 25. Kb1 Rc8 26. Rc1 c4 27. Qd4 Rbc6 28. Rhd1 Qc7 29. Qd2 Kf7 30. bxc4 Rxc4 31. c3 Qb6 32. Ka1 Qa5 33. Kb1 Ke7 34. Rc2 Rxc3 35. Qe1 b4 36. Rdc1 Rxc2 37. Rxc2 Rxc2 38. Kxc2 Qa4+ 39. Kb1 b3 40. Qc3 bxa2+ 41. Kxa2 Kd7 42. Qc5 Qa6 43. Qf8 Qe2+ 44. Kxa3 Qxe3+ 45. Ka4 Qxf4+ 46. Ka5 Qd2+ 47. Ka6 Qa2+ 48. Kb5 Qb3+ 49. Ka5 Qc3+ 50. Kb5 Qc4+ 51. Ka5 Qc3+ 52. Kb5 Qb2+ 53. Ka5 Qa1+ 54. Kb5 Qb1+ 55. Ka5 Qa1+ 56. Kb5 Qxe5 57. Qf7+ Kd6 58. Qf8+ Kd7 59. Qf7+ Kc8 60. Qxh7 d4+ 61. Kc4 Qd5+ 62. Kd3 Qe4+ 63. Kd2 Qe3+ 64. Kd1 d3 65. Qh8+ Kd7 66. Qg7+ Kd6 67. Qf8+ Ke5 68. Qb8+ Ke4 69. Qb7+ Kf4 70. Qc7+ e5 71. h7 Qe2+ 72. Kc1 d2+ 73. Kb2 d1=Q+ 74. Ka3 Qed3+ 75. Kb4 Q1b3+ 76. Ka5 Qdb5# 0-1


[Site "https://www.chess.com"]

[Event "Titled Tuesday Blitz July 26 Late 2022"]
[White "Vagman, Roy"]
[Black "Pham, Khoi"]
[WhiteFideId "2828995"]
[BlackFideId "1054988"]
[WhiteElo "1956"]
[BlackElo "2319"]
[Result "1-0"]
[Round "07"]
[TimeControl "180+1"]
[Date "2022.07.27"]
[WhiteClock "0:00:12"]
[BlackClock "0:00:15"]

1. e4 c6 2. d4 d5 3. exd5 cxd5 4. Bd3 Nc6 5. c3 Nf6 6. Ne2 g6 7. O-O Bg7 8. Qc2 O-O 9. Nd2 Bd7 10. Nf3 Rc8 11. Qb1 a6 12. b4 Bg4 13. Nd2 e5 14. f3 Be6 15. Ba3 Re8 16. Nb3 e4 17. Bc2 exf3 18. gxf3 Bh3 19. Rf2 Nh5 20. Kh1 Qh4 21. Qg1 Bh6 22. Bc1 Bxc1 23. Rxc1 Re3 24. Bd1 Rce8 25. Nc5 Nf4 26. Rc2 Ne7 27. Qg3 Nf5 28. Qg1 Rxf3 29. Nxf4 Rxf4 30. Rxf4 Qxf4 31. Rf2 Qh4 32. Bf3 Re3 33. Nd7 Qe7 34. Ne5 f6 35. Bxd5+ Kh8 36. Rxf5 Bxf5 37. Qxe3 fxe5 38. Qxe5+ Qxe5 39. dxe5 Kg7 40. Kg2 Kf8 41. Bxb7 Ke7 42. Bxa6 Ke6 43. Bc4+ Kxe5 44. Kf3 Be4+ 45. Ke3 Ba8 46. a4 g5 47. a5 g4 48. b5 h5 49. b6 Kd6 50. Bb5 Kc5 51. c4 h4 52. Ba6 g3 53. hxg3 h3 54. b7 Bxb7 55. Bxb7 Kxc4 56. a6 Kb5 57. a7 Kb6 58. a8=Q h2 59. Bh1 Kc7 60. Qg2 Kd8 61. Qxh2 Ke8 62. g4 Kf7 63. g5 Kg7 64. g6 Kxg6 65. Qg3+ Kh7 66. Be4+ Kh8 67. Qh4+ Kg7 68. Qe7+ Kh8 69. Qh7# 1-0


[Site "https://www.chess.com"]

[Event "Titled Tuesday Blitz July 26 Late 2022"]
[White "Vasquez Schroeder, Rodrigo"]
[Black "Steinberg, Nitzan"]
[WhiteFideId "3400042"]
[BlackFideId "2801795"]
[WhiteElo "2567"]
[BlackElo "2471"]
[Result "1-0"]
[Round "07"]
[TimeControl "180+1"]
[Date "2022.07.26"]
[WhiteClock "0:00:04"]
[BlackClock "0:00:02"]

1. e4 c5 2. Nf3 e6 3. d4 cxd4 4. Nxd4 Nc6 5. Nb5 d6 6. c4 Nf6 7. N1c3 a6 8. Na3 Be7 9. Be2 O-O 10. O-O b6 11. Be3 Bb7 12. Rc1 Rc8 13. Qd2 Ne5 14. f3 Qc7 15. Rfd1 Rfe8 16. Kh1 h6 17. Bf1 Ned7 18. Qf2 Bd8 19. Rc2 Qb8 20. Bf4 Bc7 21. h3 Ne5 22. Rcd2 Rcd8 23. Be3 Ba8 24. Nc2 Ng6 25. Nb4 Qb7 26. Bd4 Nh5 27. a4 Rf8 28. Bd3 Nhf4 29. Bb1 Ne5 30. b3 Nc6 31. Nxc6 Qxc6 32. Qg3 Ng6 33. Qg4 Ne5 34. Qg3 Ng6 35. Qg4 Ne5 36. Qh5 Qb7 37. f4 Nc6 38. Be3 Bb8 39. f5 exf5 40. exf5 f6 41. Nd5 b5 42. axb5 axb5 43. Be4 Rde8 44. Bf3 bxc4 45. bxc4 Qd7 46. Bf4 Ne5 47. Be2 Bc6 48. Bg3 Ba7 49. Nf4 Bc5 50. Ne6 Rxe6 51. fxe6 Qxe6 52. Bxe5 Qxe5 53. Qg4 Re8 54. Bf3 f5 55. Qh5 Bd7 56. Bd5+ Kh8 57. Rf1 Rf8 58. Re2 Qg3 59. Rf3 Qg5 60. Qxg5 hxg5 61. g3 1-0


[Site "https://www.chess.com"]

[Event "Titled Tuesday Blitz July 26 Late 2022"]
[White "Vazquez Espino, Uriel"]
[Black "Koellner, Ruben Gideon"]
[WhiteFideId "5119138"]
[BlackFideId "12993093"]
[WhiteElo "2356"]
[BlackElo "2527"]
[Result "1-0"]
[Round "07"]
[TimeControl "180+1"]
[Date "2022.07.27"]
[WhiteClock "0:00:13"]
[BlackClock "0:00:01"]

1. e4 d6 2. d4 Nf6 3. Nc3 e5 4. Nf3 Nbd7 5. Be2 Be7 6. O-O c6 7. h3 Qc7 8. b3 O-O 9. Bb2 Re8 10. a4 Nf8 11. Bc4 Ng6 12. dxe5 dxe5 13. Ng5 Rf8 14. Qc1 h6 15. Nf3 b6 16. Re1 a6 17. Bf1 Be6 18. g3 b5 19. axb5 axb5 20. Nd1 Nd7 21. Ne3 Bc5 22. c4 b4 23. Qd2 Rfd8 24. Rxa8 Rxa8 25. Ra1 Rd8 26. Qe2 Nf6 27. Nf5 Nd7 28. h4 Ne7 29. Nxe7+ Bxe7 30. Nh2 Nf6 31. Qf3 Bc5 32. Bc1 Bd4 33. Ra2 Qe7 34. Be3 Bc3 35. Re2 Rd7 36. Ra2 Bd4 37. g4 1-0


[Site "https://www.chess.com"]

[Event "Titled Tuesday Blitz July 26 Late 2022"]
[White "Veiga, Jose Francisco R P Neves"]
[Black "Korchmar, Vasiliy"]
[WhiteFideId "1930087"]
[BlackFideId "24131750"]
[WhiteElo "2288"]
[BlackElo "2370"]
[Result "0-1"]
[Round "07"]
[TimeControl "180+1"]
[Date "2022.07.27"]
[WhiteClock "0:00:04"]
[BlackClock "0:00:02"]

1. e4 c5 2. Nf3 d6 3. Bb5+ Nd7 4. O-O a6 5. Bd3 Ngf6 6. Re1 e6 7. c3 b5 8. Bc2 Bb7 9. d4 Be7 10. Nbd2 O-O 11. Nf1 Re8 12. Ng3 Bf8 13. a4 b4 14. a5 g6 15. h4 Bg7 16. h5 Rc8 17. h6 Bh8 18. Bg5 Qc7 19. Ba4 Bc6 20. Bxc6 Qxc6 21. Qe2 bxc3 22. bxc3 Rb8 23. Rab1 Rb7 24. Rxb7 Qxb7 25. Nd2 Qb2 26. Nc4 Qxe2 27. Rxe2 d5 28. exd5 Nxd5 29. Rc2 cxd4 30. cxd4 Bxd4 31. Nd6 Rb8 32. Nge4 f6 33. Bd2 Kf8 34. Rc6 Ke7 35. Rxa6 Rb1+ 36. Kh2 Rb2 37. Nc8+ Kd8 38. Ncd6 f5 39. Bg5+ Kc7 40. Ne8+ Kb7 41. Rxe6 fxe4 42. Nd6+ Kc7 43. Nxe4 Bxf2 44. Nxf2 Rxf2 45. a6 Ra2 46. Bh4 N5b6 47. Bg3+ Kd8 48. Bh4+ Kc8 49. Re7 Ra4 50. g3 Ra5 51. Rxh7 g5 52. Rh8+ Kc7 53. h7 gxh4 54. Rc8+ Nxc8 55. h8=Q hxg3+ 56. Kxg3 Rxa6 57. Qc3+ Rc6 58. Qa5+ Ncb6 59. Qa7+ Kd6 60. Qa3+ Nc5 61. Qf3 Nd5 62. Qg4 Ne6 63. Qd1 Rc3+ 64. Kf2 Nc5 65. Qh5 Ne4+ 66. Ke1 Rc1+ 67. Ke2 Nf4+ 0-1


[Site "https://www.chess.com"]

[Event "Titled Tuesday Blitz July 26 Late 2022"]
[White "Vivekananthan, Anish"]
[Black "Grigoriants, Sergey"]
[WhiteFideId "2090775"]
[BlackFideId "4130804"]
[WhiteElo "2782"]
[BlackElo "2502"]
[Result "1/2-1/2"]
[Round "07"]
[TimeControl "180+1"]
[Date "2022.07.26"]
[WhiteClock "0:00:05"]
[BlackClock "0:00:06"]

1. d4 Nf6 2. Nf3 d5 3. c4 e6 4. Nc3 c5 5. cxd5 Nxd5 6. e4 Nxc3 7. bxc3 cxd4 8. cxd4 Bb4+ 9. Bd2 Bxd2+ 10. Qxd2 O-O 11. Bc4 Nd7 12. O-O b6 13. Rfe1 Bb7 14. Rad1 Rc8 15. Bb3 h6 16. h3 Nf6 17. Qf4 Qc7 18. Ne5 Nd7 19. Nd3 Rfd8 20. Qxc7 Rxc7 21. f3 Nb8 22. Nf4 Nc6 23. Bxe6 Nxd4 24. Bd5 Bxd5 25. Nxd5 Rc4 26. Rd2 Kf8 27. Red1 Ne6 28. Kf2 Rdc8 29. Ke3 Rc2 30. h4 Rxd2 31. Rxd2 g5 32. hxg5 hxg5 33. g3 Rc4 34. f4 gxf4+ 35. gxf4 Ra4 36. f5 Nc5 37. Nf6 Kg7 38. e5 Ra3+ 39. Kf4 Ra4+ 40. Kg5 Ra3 41. Rd8 Rg3+ 42. Kf4 Ra3 43. Rg8+ Kh6 44. Ng4+ Kh7 45. Nf6+ Kh6 46. Rh8+ Kg7 47. Rh7+ Kf8 48. Rh8+ Kg7 49. Rg8+ Kh6 1/2-1/2


[Site "https://www.chess.com"]

[Event "Titled Tuesday Blitz July 26 Late 2022"]
[White "Voege, Tobias"]
[Black "Chiu, Isaac"]
[WhiteFideId "1270513"]
[BlackFideId "30900654"]
[WhiteElo "2379"]
[BlackElo "2181"]
[Result "0-1"]
[Round "07"]
[TimeControl "180+1"]
[Date "2022.07.27"]
[WhiteClock "0:00:02"]
[BlackClock "0:00:31"]

1. e4 c5 2. Nf3 d6 3. d4 cxd4 4. Nxd4 Nf6 5. Nc3 e6 6. Bg5 Be7 7. f4 h6 8. Bh4 Nxe4 9. Bxe7 Nxc3 10. Bxd8 Nxd1 11. Bc7 Ne3 12. Bxd6 Bd7 13. Kf2 Nxf1 14. Rhxf1 Nc6 15. Rad1 Nxd4 16. Rxd4 f6 17. c4 Bc6 18. g3 Kf7 19. Rfd1 g5 20. b4 a6 21. Bc5 gxf4 22. gxf4 Rhg8 23. R1d2 Rg2+ 24. Ke3 Rg1 25. Bb6 Rag8 26. Rd8 Re1+ 27. Kf2 Rgg1 28. Re2 Rgf1+ 29. Ke3 Rc1 30. Rh8 Kg7 31. Rc8 Rxc4 32. Rc7+ Kg6 33. Bc5 Rcxf4 34. Kd2 e5 35. h3 Ra1 36. Kc3 Rf3+ 37. Kb2 Rh1 38. Rg2+ Kf5 39. Rh7 Rfxh3 40. Rf2+ Ke6 41. Re7+ Kd5 42. Rxf6 R1h2+ 43. Kc1 Rxa2 44. Kb1 Rg2 45. Rd6+ Kc4 46. Rd1 Be4+ 47. Ka1 Ra3# 0-1


[Site "https://www.chess.com"]

[Event "Titled Tuesday Blitz July 26 Late 2022"]
[White "Wachinger, Guenther"]
[Black "Sarkar, Justin"]
[WhiteFideId "4604261"]
[BlackFideId "2010011"]
[WhiteElo "2212"]
[BlackElo "2006"]
[Result "1-0"]
[Round "07"]
[TimeControl "180+1"]
[Date "2022.07.27"]
[WhiteClock "0:00:09"]
[BlackClock "0:00:01"]

1. e4 e5 2. Nf3 Nc6 3. Nc3 Nf6 4. a3 g6 5. Bc4 Bg7 6. O-O O-O 7. d3 d6 8. Ne2 Bg4 9. c3 Bxf3 10. gxf3 d5 11. Ba2 h6 12. Ng3 Qd7 13. Kg2 Rad8 14. Qe2 Kh7 15. b4 Ne7 16. c4 d4 17. f4 exf4 18. Bxf4 Nfg8 19. c5 f5 20. e5 Nd5 21. Bxd5 Qxd5+ 22. Qf3 Qxf3+ 23. Kxf3 g5 24. Bd2 Bxe5 25. Rfe1 Rd5 26. Kg2 Ne7 27. f4 gxf4 28. Bxf4 Ng6 29. Bxe5 Nxe5 30. Rad1 f4 31. Ne4 f3+ 32. Kf1 Ng4 33. Rd2 Rh5 34. Ng3 Ne3+ 35. Kg1 f2+ 36. Rxf2 Rxf2 37. Kxf2 Rxh2+ 38. Kf3 Ra2 39. Ke4 Rxa3 40. Rh1 Kg6 41. Kxd4 Nc2+ 42. Kc4 Ne3+ 43. Kd4 Nc2+ 44. Ke4 Nxb4 45. d4 Nc6 46. Nf5 Nd8 47. Rxh6+ Kg5 48. Rh8 Ne6 49. Ke5 Ng7 50. Rg8 Re3+ 51. Nxe3 1-0


[Site "https://www.chess.com"]

[Event "Titled Tuesday Blitz July 26 Late 2022"]
[White "Weetik, Vjacheslav"]
[Black "Yoo, Christopher Woojin"]
[WhiteFideId "4153472"]
[BlackFideId "30909694"]
[WhiteElo "2469"]
[BlackElo "2105"]
[Result "0-1"]
[Round "07"]
[TimeControl "180+1"]
[Date "2022.07.26"]
[WhiteClock "0:00:01"]
[BlackClock "0:00:26"]

1. d4 Nf6 2. c4 e6 3. g3 d5 4. Nf3 dxc4 5. Bg2 a6 6. O-O Nc6 7. e3 Rb8 8. Qe2 b5 9. Rd1 Bb7 10. b3 cxb3 11. axb3 Nb4 12. Ba3 Be7 13. Nbd2 O-O 14. Rac1 Nd7 15. Bb2 c5 16. dxc5 Nxc5 17. Ne4 Ncd3 18. Ne5 Nxc1 19. Qh5 Nd5 20. Ng4 f5 21. Bxg7 Kxg7 22. Qh6+ Kh8 0-1


[Site "https://www.chess.com"]